3AA
FT. POLK SOUTH THUNDER HAWKS @ ASHEVILLE HIGHLANDERS
05/22/2034
 
TOP OF THE 1ST
Ft. Polk South Thunder Hawks batting - Pitching for Asheville Highlanders : RHP Harry Stuterberg
Pitching: RHP Harry Stuterberg
Batting: LHB Augusto Reyes 0-0: Foul Ball, location: 2F
0-1: Foul Ball, location: 2F
0-2: Ball
1-2: Strikes out swinging
Batting: LHB Yu Miao 0-0: Called Strike
0-1: Foul Ball, location: 2F
0-2: Strikes out looking
Batting: LHB Shohei Otani 0-0: Ball
1-0: Called Strike
1-1: SINGLE (Groundball, 34D)
Batting: RHB Ruggiero Veneziano 0-0: Ball
1-0: Fly out, F4 (Popup, 34)
Top of the 1st over - 0 runs, 1 hit, 0 errors, 1 left on base; Ft. Polk South 0 - Asheville 0
BOTTOM OF THE 1ST
Asheville Highlanders batting - Pitching for Ft. Polk South Thunder Hawks : RHP Ricardo Peito
Pitching: RHP Ricardo Peito
Batting: LHB King Rutledge 0-0: Ground out 1-3 (Groundball, 15S)
Batting: LHB Luis Serrano 0-0: Ground out 4-3 (Groundball, 4)
Batting: LHB DeMarvion Overshown 0-0: Ball
1-0: SINGLE (Groundball, 34D)
Batting: RHB Ken Moore 0-0: Ball
1-0: Foul Ball, location: 2F
1-1: Ball
2-1: Called Strike
2-2: Ball
3-2: Fly out, F9 (Flyball, 9)
Bottom of the 1st over - 0 runs, 1 hit, 0 errors, 1 left on base; Ft. Polk South 0 - Asheville 0
TOP OF THE 2ND
Ft. Polk South Thunder Hawks batting - Pitching for Asheville Highlanders : RHP Harry Stuterberg
Batting: LHB Marc Ben 0-0: Called Strike
0-1: Ball
1-1: Ball
2-1: Ball
3-1: Fly out, F8 (Flyball, 8RD)
Batting: RHB Thomas Feliciano 0-0: Ball
1-0: Called Strike
1-1: Ground out U3 (Groundball, 3S)
Batting: SHB Dong-joo Yu 0-0: Foul Ball, location: 2F
0-1: Fly out, F3 (Popup, 3SF)
Top of the 2nd over - 0 runs, 0 hits, 0 errors, 0 left on base; Ft. Polk South 0 - Asheville 0
BOTTOM OF THE 2ND
Asheville Highlanders batting - Pitching for Ft. Polk South Thunder Hawks : RHP Ricardo Peito
Batting: SHB Jeff Lowe 0-0: Called Strike
0-1: Ball
1-1: Swinging Strike
1-2: Foul Ball, location: 2F
1-2: Foul Ball, location: 2F
1-2: Ball
2-2: Ball
3-2: Base on Balls
Batting: RHB Tae-gyoon Ch'oe 0-0: Foul Ball, location: 2F
0-1: Ball
1-1: Foul Ball, location: 2F
1-2: Ball
2-2: SINGLE (Groundball, 56D)
Jeff Lowe to second
Batting: RHB José Lorenzo 0-0: Grounds into double play, 4-6-3 (Groundball, 4)
Jeff Lowe to third
Batting: SHB José Segura 0-0: Swinging Strike
0-1: Ball
1-1: Called Strike
1-2: Ground out U3 (Groundball, 34S)
Bottom of the 2nd over - 0 runs, 1 hit, 0 errors, 1 left on base; Ft. Polk South 0 - Asheville 0
TOP OF THE 3RD
Ft. Polk South Thunder Hawks batting - Pitching for Asheville Highlanders : RHP Harry Stuterberg
Batting: RHB Pedro Larate 0-0: Called Strike
0-1: Called Strike
0-2: Strikes out swinging
Batting: RHB Qu-bing Thien 0-0: Foul Ball, location: 2F
0-1: Ball
1-1: Ball
2-1: Foul Ball, location: 2F
2-2: Foul Ball, location: 2F
2-2: Fly out, F8 (Flyball, 8LS)
Batting: LHB Augusto Reyes 0-0: Foul Ball, location: 2F
0-1: Ball
1-1: SINGLE (Groundball, 3S) (infield hit)
Batting: LHB Yu Miao 0-0: Ball
1-0: SINGLE (Groundball, 4MD)
Augusto Reyes to second
Runner from 2nd tries for 3rd, SAFE, no throw
Batting: LHB Shohei Otani 0-0: Called Strike
0-1: Foul Ball, location: 2F
0-2: Foul Ball, location: 2F
0-2: Fly out, F8 (Line Drive, 8RM)
Top of the 3rd over - 0 runs, 2 hits, 0 errors, 2 left on base; Ft. Polk South 0 - Asheville 0
BOTTOM OF THE 3RD
Asheville Highlanders batting - Pitching for Ft. Polk South Thunder Hawks : RHP Ricardo Peito
Batting: RHB Yves Girard 0-0: Ball
1-0: Ball
2-0: Foul Ball, location: 2F
2-1: Foul Ball, location: 2F
2-2: Strikes out swinging
Batting: LHB King Rutledge 0-0: Ground out U3 (Groundball, 3)
Batting: LHB Luis Serrano 0-0: Ground out 4-3 (Groundball, 4)
Bottom of the 3rd over - 0 runs, 0 hits, 0 errors, 0 left on base; Ft. Polk South 0 - Asheville 0
TOP OF THE 4TH
Ft. Polk South Thunder Hawks batting - Pitching for Asheville Highlanders : RHP Harry Stuterberg
Batting: RHB Ruggiero Veneziano 0-0: Ball
1-0: Called Strike
1-1: Foul Ball, location: 2F
1-2: Ball
2-2: Ball
3-2: Strikes out swinging
Batting: LHB Marc Ben 0-0: Ground out 4-3 (Groundball, 4)
Batting: RHB Thomas Feliciano 0-0: Ball
1-0: Called Strike
1-1: Ground out 5-3 (Groundball, 5L)
Top of the 4th over - 0 runs, 0 hits, 0 errors, 0 left on base; Ft. Polk South 0 - Asheville 0
BOTTOM OF THE 4TH
Asheville Highlanders batting - Pitching for Ft. Polk South Thunder Hawks : RHP Ricardo Peito
Batting: LHB DeMarvion Overshown 0-0: Ball
1-0: Ball
2-0: Ball
3-0: Base on Balls
Batting: RHB Ken Moore 0-0: Called Strike
0-1: Ball
1-1: Foul Ball, location: 2F
1-2: Foul Ball, location: 2F
1-2: Fly out, F7 (Flyball, 7D)
Batting: SHB Jeff Lowe 0-0: Called Strike
0-1: Called Strike
0-2: Fly out, F9 (Flyball, 9S)
Batting: RHB Tae-gyoon Ch'oe 0-0: Called Strike
0-1: Swinging Strike
0-2: Foul Ball, location: 2F
0-2: Fielders Choice at 2nd, 6-4 (Groundball, 56)
Bottom of the 4th over - 0 runs, 0 hits, 0 errors, 1 left on base; Ft. Polk South 0 - Asheville 0
TOP OF THE 5TH
Ft. Polk South Thunder Hawks batting - Pitching for Asheville Highlanders : RHP Harry Stuterberg
Batting: SHB Dong-joo Yu 0-0: Ball
1-0: Ball
2-0: Ball
3-0: Base on Balls
Batting: RHB Pedro Larate 0-0: Called Strike
Dong-joo Yu steals 2nd base
0-1: Fly out, F5 (Line Drive, 5)
Batting: RHB Qu-bing Thien 0-0: Ball
1-0: Ball
2-0: Foul Ball, location: 2F
2-1: Swinging Strike
2-2: Ground out 5-3 (Groundball, 56S)
Dong-joo Yu to third
Batting: LHB Augusto Reyes 0-0: Fly out, F7 (Flyball, 7D)
Top of the 5th over - 0 runs, 0 hits, 0 errors, 1 left on base; Ft. Polk South 0 - Asheville 0
BOTTOM OF THE 5TH
Asheville Highlanders batting - Pitching for Ft. Polk South Thunder Hawks : RHP Ricardo Peito
Batting: RHB José Lorenzo 0-0: Called Strike
0-1: Ball
1-1: Foul Ball, location: 2F
1-2: Ground out 5-3 (Groundball, 56)
Batting: SHB José Segura 0-0: Called Strike
0-1: Swinging Strike
0-2: Foul Ball, location: 2F
0-2: Ball
1-2: Strikes out swinging, 2-3 out at first.
Batting: RHB Yves Girard 0-0: Called Strike
0-1: Foul Ball, location: 2F
0-2: Foul Ball, location: 2F
0-2: Foul Ball, location: 2F
0-2: Ball
1-2: Ball
2-2: Ground out 6-3 (Groundball, 6)
Bottom of the 5th over - 0 runs, 0 hits, 0 errors, 0 left on base; Ft. Polk South 0 - Asheville 0
TOP OF THE 6TH
Ft. Polk South Thunder Hawks batting - Pitching for Asheville Highlanders : RHP Harry Stuterberg
Batting: LHB Yu Miao 0-0: Called Strike
0-1: Ball
1-1: SOLO HOME RUN (Flyball, 9LD), Distance : 336 ft
Batting: LHB Shohei Otani 0-0: SINGLE (Groundball, 34D)
Batting: RHB Ruggiero Veneziano 0-0: Swinging Strike
0-1: Ball
1-1: Fly out, F3 (Popup, 34S)
Batting: LHB Marc Ben 0-0: Ball
1-0: SINGLE (Flyball, 7LS)
Shohei Otani to second
Batting: RHB Thomas Feliciano 0-0: Ball
1-0: Swinging Strike
1-1: Swinging Strike
1-2: Ball
2-2: Strikes out swinging
Batting: SHB Dong-joo Yu 0-0: SINGLE (Flyball, 78M)
Shohei Otani to third
Marc Ben to second
Runner from 3rd tries for Home, SAFE, no throw
Batting: RHB Pedro Larate 0-0: Called Strike
0-1: Ball
1-1: Foul Ball, location: 2F
1-2: Ball
2-2: Foul Ball, location: 2F
2-2: SINGLE (Groundball, 6MD)
Marc Ben to third
Dong-joo Yu to second
Runner from 3rd tries for Home, SAFE, no throw
Batting: RHB Qu-bing Thien 0-0: Ball
1-0: Ball
2-0: Foul Ball, location: 2F
2-1: Ball
3-1: Called Strike
3-2: Foul Ball, location: 2F
3-2: Base on Balls
Dong-joo Yu to third
Pedro Larate to second
Batting: LHB Augusto Reyes 0-0: Fly out, F8 (Line Drive, 89D)
Top of the 6th over - 3 runs, 5 hits, 0 errors, 3 left on base; Ft. Polk South 3 - Asheville 0
BOTTOM OF THE 6TH
Asheville Highlanders batting - Pitching for Ft. Polk South Thunder Hawks : RHP Ricardo Peito
Batting: LHB King Rutledge 0-0: Foul Ball, location: 2F
0-1: Ball
1-1: Ball
2-1: Ball
3-1: Base on Balls
Batting: LHB Luis Serrano 0-0: Sac Bunt - play at first, batter OUT! 5-3
King Rutledge to second
Batting: LHB DeMarvion Overshown 0-0: Ball
1-0: Fly out, F9 (Flyball, 89XD)
Runner from 2nd tags up, SAFE at 3rd, no throw
Batting: RHB Ken Moore 0-0: Ball
1-0: Called Strike
1-1: Ground out 5-3 (Groundball, 5S)
Bottom of the 6th over - 0 runs, 0 hits, 0 errors, 1 left on base; Ft. Polk South 3 - Asheville 0
TOP OF THE 7TH
Ft. Polk South Thunder Hawks batting - Pitching for Asheville Highlanders : RHP Harry Stuterberg
Batting: LHB Yu Miao 0-0: Ball
1-0: Ball
2-0: Foul Ball, location: 2F
2-1: Foul Ball, location: 2F
2-2: Fly out, F8 (Flyball, 89M)
Batting: LHB Shohei Otani 0-0: Foul Ball, location: 2F
0-1: Swinging Strike
0-2: Ground out 4-3 (Groundball, 4M)
Batting: RHB Ruggiero Veneziano 0-0: Ball
1-0: Reached on error, E6 (Groundball, 6)
Pitching: LHP Moses Keijzer
Batting: LHB Marc Ben 0-0: Swinging Strike
0-1: Swinging Strike
0-2: Strikes out looking
Top of the 7th over - 0 runs, 0 hits, 1 error, 1 left on base; Ft. Polk South 3 - Asheville 0
BOTTOM OF THE 7TH
Asheville Highlanders batting - Pitching for Ft. Polk South Thunder Hawks : RHP Ricardo Peito
Batting: SHB Jeff Lowe 0-0: Swinging Strike
0-1: Called Strike
0-2: Ball
1-2: Fly out, F8 (Flyball, 8RM)
Pitching: RHP Gunnar Hoglund
Batting: RHB Tae-gyoon Ch'oe 0-0: Ball
1-0: Ball
2-0: Foul Ball, location: 2F
2-1: Foul Ball, location: 2F
2-2: Fly out, F8 (Line Drive, 89D)
Batting: RHB José Lorenzo 0-0: Ball
1-0: Ball
2-0: Ball
3-0: Base on Balls
Batting: SHB José Segura 0-0: Foul Ball, location: 2F
0-1: Swinging Strike
0-2: Ball
1-2: Strikes out swinging
Bottom of the 7th over - 0 runs, 0 hits, 0 errors, 1 left on base; Ft. Polk South 3 - Asheville 0
TOP OF THE 8TH
Ft. Polk South Thunder Hawks batting - Pitching for Asheville Highlanders : LHP Moses Keijzer
Batting: RHB Thomas Feliciano 0-0: Swinging Strike
0-1: Ball
1-1: Ball
2-1: Foul Ball, location: 2F
2-2: Strikes out swinging
Batting: SHB Dong-joo Yu 0-0: Ball
1-0: Ball
2-0: Called Strike
2-1: Ball
3-1: Foul Ball, location: 2F
3-2: Strikes out swinging
Batting: RHB Pedro Larate 0-0: Ball
1-0: Foul Ball, location: 2F
1-1: Swinging Strike
1-2: Fly out, F7 (Flyball, 7)
Top of the 8th over - 0 runs, 0 hits, 0 errors, 0 left on base; Ft. Polk South 3 - Asheville 0
BOTTOM OF THE 8TH
Asheville Highlanders batting - Pitching for Ft. Polk South Thunder Hawks : RHP Gunnar Hoglund
Batting: RHB Yves Girard 0-0: Called Strike
0-1: Ball
1-1: Ball
2-1: Foul Ball, location: 2F
2-2: Ground out 4-3 (Groundball, 4)
Batting: LHB King Rutledge 0-0: Foul Ball, location: 2F
0-1: Called Strike
0-2: Strikes out swinging
Batting: LHB Luis Serrano 0-0: Swinging Strike
0-1: SINGLE (Groundball, 3D)
Batting: LHB DeMarvion Overshown 0-0: Ball
1-0: Ball
2-0: Ball
3-0: Called Strike
3-1: Foul Ball, location: 2F
3-2: DOUBLE (Groundball, 3L)
Luis Serrano to third
Luis Serrano scores
Batting: RHB Ken Moore 0-0: Swinging Strike
0-1: Swinging Strike
0-2: Strikes out swinging
Bottom of the 8th over - 1 run, 2 hits, 0 errors, 1 left on base; Ft. Polk South 3 - Asheville 1
TOP OF THE 9TH
Ft. Polk South Thunder Hawks batting - Pitching for Asheville Highlanders : LHP Moses Keijzer
Batting: RHB Qu-bing Thien 0-0: Ball
1-0: Ground out 6-3 (Groundball, 6)
Batting: LHB Augusto Reyes 0-0: Ball
1-0: Ball
2-0: Called Strike
2-1: Ball
3-1: Called Strike
3-2: Base on Balls
Batting: LHB Yu Miao Pickoff Throw to First - Out!
0-0: Ball
1-0: Ball
2-0: Called Strike
2-1: Foul Ball, location: 2F
2-2: Strikes out swinging
Top of the 9th over - 0 runs, 0 hits, 0 errors, 0 left on base; Ft. Polk South 3 - Asheville 1
BOTTOM OF THE 9TH
Asheville Highlanders batting - Pitching for Ft. Polk South Thunder Hawks : RHP Gunnar Hoglund
Batting: SHB Jeff Lowe 0-0: Ball
1-0: Foul Ball, location: 2F
1-1: Ground out 6-3 (Groundball, 6)
Batting: RHB Tae-gyoon Ch'oe 0-0: Ball
1-0: Ball
2-0: SINGLE (Flyball, 8LS) - OUT at second base trying to stretch hit.
Batting: RHB José Lorenzo 0-0: Foul Ball, location: 2F
0-1: Ball
1-1: Swinging Strike
1-2: Ball
2-2: Ball
3-2: Base on Balls
Pinch Runner at 1st Govaart Pleijt:
Batting: SHB José Segura 0-0: Called Strike
0-1: Swinging Strike
Pickoff Throw to First - Error! E1
Govaart Pleijt to second
0-2: Ball
1-2: Ball
2-2: Ball
3-2: Base on Balls
Batting: RHB Yves Girard 0-0: Ball
1-0: Ball
2-0: Ball
3-0: Called Strike
3-1: SINGLE (Groundball, 6MD)
Govaart Pleijt to third
José Segura to second
Batting: LHB King Rutledge 0-0: Called Strike
0-1: Ball
1-1: Called Strike
1-2: Ball
2-2: Ball
3-2: DOUBLE (Line Drive, 9LM)
Govaart Pleijt scores
José Segura scores
Yves Girard to third
Yves Girard scores
Friday, March 29th, 2019 - OOTP Baseball 18.8 Build 76